 Dungeon Crawl Stone Soup version 0.23-a0-315-ga85b81c (webtiles) character file.

925 Amnesiac the Geomancer (level 7, -3/49 HPs)
             Began as a Deep Dwarf Earth Elementalist on Oct 14, 2018.
             Was a Believer of Ru.
             Killed from afar by a wight (16 damage)
             ... with a wand of acid (12)
             ... on level 6 of the Dungeon.
             The game lasted 00:14:11 (4261 turns).

Amnesiac the Geomancer (DDEE)                       Turns: 4261, Time: 00:14:12

Health: -3/49      AC:  4    Str: 16    XL:     7   Next: 84%
Magic:  5/13       EV: 12    Int: 22    God:    Ru [**....]
Gold:   265        SH:  0    Dex: 13    Spells: 3/15 levels left

rFire    . . .     SeeInvis .   a - +2 dagger (venom)
rCold    . . .     Gourm    .   (no shield)
rNeg     . . .     Faith    .   p - +1 leather armour "Jopel" {Regen+ Str+4} (curse)
rPois    .         Spirit   .   (no helmet)
rElec    .         Reflect  .   (no cloak)
rCorr    .         Harm     .   (no gloves)
MR       +....                  (no boots)
Stlth    ++........             (no amulet)
HPRegen  0.00/turn              e - +5 ring of intelligence
MPRegen  0.13/turn              g - ring of wizardry

@: non-regenerating
A: damage resistance, heal wounds, frail 1, sense surroundings 1, wild magic 1,
MP-powered wands, inexperienced 1, no regeneration
a: Heal Wounds, Renounce Religion


You were on level 6 of the Dungeon.
You worshipped Ru.
Ru was pleased with you.
You were not hungry.

You visited 1 branch of the dungeon, and saw 6 of its levels.

You collected 265 gold pieces.

Inventory:

Hand Weapons
 a - a +2 dagger of venom (weapon)
 k - a +0 giant club
Missiles
 b - 88 stones (quivered)
Armour
 p - the cursed +1 leather armour "Jopel" (worn) {Regen+ Str+4}
   (You found it on level 4 of the Dungeon)

   It affects your strength (+4).
   It increases your rate of regeneration.
   It has a curse placed upon it.
Jewellery
 e - a +5 ring of intelligence (left hand)
 g - a ring of wizardry (right hand)
 h - an uncursed ring of resist corrosion
 u - an uncursed ring of see invisible
Wands
 f - a wand of flame (26)
Scrolls
 i - 2 scrolls of remove curse {!r}
 j - a scroll of blinking {!r}
 l - a scroll of fear {!r}
 m - 6 scrolls of teleportation {!r}
 o - 3 scrolls of magic mapping {!r}
 r - a scroll of immolation {!r}
 s - 2 scrolls of amnesia {!r}
Potions
 c - a potion of brilliance {!q}
 n - 4 potions of lignification {!q}
 q - 3 potions of agility {!q}
Comestibles
 d - 8 rations
 t - 6 chunks of flesh


   Skills:
 - Level 2.6 Short Blades
 - Level 2.1 Dodging
 - Level 2.6 Stealth
 + Level 4.5 Spellcasting
 - Level 0.8 Transmutations
 - Level 10.0 Earth Magic


You had 3 spell levels left.
You knew the following spells:

 Your Spells              Type           Power        Failure   Level  Hunger
a - Sandblast             Erth           ######       1%          1    None
b - Passwall              Tmut/Erth      #####...     1%          2    None
d - Lee's Rapid Deconstr  Erth           ######....   4%          5    #####..
e - Petrify               Tmut/Erth      #####...     9%          4    ####...

Your spell library contained the following spells:

 Spells                   Type           Power        Failure   Level  Hunger
 Stone Arrow              Conj/Erth      #####.       3%          3    ##.....


Dungeon Overview and Level Annotations

Branches:
Dungeon (6/15)
 Temple: D:4-7

Altars:
Ru
Sif Muna

Shops:
D:5 :

Annotations:
D:5 1 runed door, drasked's ghost, novice HOMo


Innate Abilities, Weirdness & Mutations

You are resistant to damage.
You can heal yourself by infusing magical energy.
You passively map a small area around you.
You are somewhat inexperienced. (-2 XL)
You do not regenerate.
You are frail. (-10% HP)
Your spells are a little harder to cast, but a little more powerful.
You expend magic power (3 MP) to strengthen your wands.


Message History

b - 90 stones
Casting: Sandblast (safe; 1% risk of failure)
Confirm with . or Enter, or press ? or * to list all spells.
Aiming: Sandblast (safe; 1% risk of failure)
Press: ? - help, Shift-Dir - straight line, f/p - bullfrog
Aim: a bullfrog (heavily wounded)
The blast of sand hits the bullfrog.
You kill the bullfrog!
b - 89 stones A shadow imp comes into view.
Casting: Sandblast (safe; 1% risk of failure)
Confirm with . or Enter, or press ? or * to list all spells.
You don't have enough magic to cast that spell.
Casting: Sandblast (safe; 1% risk of failure)
Confirm with . or Enter, or press ? or * to list all spells.
You don't have enough magic to cast that spell.
Casting: Sandblast (safe; 1% risk of failure)
Confirm with . or Enter, or press ? or * to list all spells.
You don't have enough magic to cast that spell.
Unknown command.
Unknown command.
Unknown command.
You start resting.
The shadow imp is too close now for your liking.
The shadow imp gestures at you. You resist with significant effort.
Casting: Sandblast (safe; 1% risk of failure)
Confirm with . or Enter, or press ? or * to list all spells.
Aiming: Sandblast (safe; 1% risk of failure)
Press: ? - help, Shift-Dir - straight line, f - shadow imp
Aim: a shadow imp The blast of sand hits the shadow imp.
You kill the shadow imp!
b - 88 stones Unknown command.
You start resting.
Magic restored.
Okay, then.
A wight comes into view.
It is wielding an enchanted short sword.
A wight is nearby!
Casting: Sandblast (safe; 1% risk of failure)
Confirm with . or Enter, or press ? or * to list all spells.
Aiming: Petrify (safe; 9% risk of failure)
Press: ? - help, Shift-Dir - straight line, f - wight
Aim: a wight, wielding an enchanted short sword and wearing a robe (chance to The wight struggles to resist.
Casting: Petrify (safe; 9% risk of failure)
Confirm with . or Enter, or press ? or * to list all spells.
Aiming: Petrify (safe; 9% risk of failure)
Press: ? - help, Shift-Dir - straight line, f/p - wight
Aim: a wight, wielding an enchanted short sword and wearing a robe (chance to The wight is moving more slowly.
A wight comes into view. It is wielding a falchion.
The wight stops moving altogether!
The helpless wight fails to defend itself.
You impale the wight!!
The wight is severely damaged.
The helpless wight fails to defend itself.
You puncture the wight!
You destroy the wight!
Training target 10.0 for Earth Magic reached!
Your Earth Magic skill increases to level 10!
The wight zaps a wand.
The bolt of acid hits you!
You die...

* #....................#.<.# #
#..#.# #........###.).... #.,
#..#.# #........###......
,#..##..#.####..#...#...#......
#........#..........>#.......#
#...#..###.##..........###...#
* # #..# #.##...###..#######.#
* #..###.##...# #..###...... ,
#......z.@..###...........
#.####.##.#..........###.# ,
...........#####...#### #.#
,#.#.####.....>.(....# *
#.#.........>####.#.#####..
#,##########.# #.......#.. * *
#.# ###.###.#.. * #.# #.#
#.#.## , #.# #.# #.....


You could see a wight.

Vanquished Creatures
  A phantom (D:5)
  2 ogres
  A centaur (D:6)
  A bullfrog (D:6)
  2 scorpions
  A wight (D:6)
  A howler monkey (D:4)
  A crimson imp (D:5)
  A centaur skeleton (D:6)
  An orc wizard (D:4)
  4 worker ants
  A hound zombie (D:5)
  4 gnolls (D:4)
  5 adders
  2 shadow imps
  An ooze (D:5)
  2 adder skeletons (D:6)
  4 worms
  3 dart slugs
  6 leopard geckos
  9 orcs
  2 ball pythons
  11 bats
  8 giant cockroaches
  8 goblins
  10 hobgoblins
  11 jackals
  3 quokkas
  5 frilled lizards
  4 kobolds
  6 rats
121 creatures vanquished.

Vanquished Creatures (others)
  A scorpion (D:5)
1 creature vanquished.

Grand Total: 122 creatures vanquished

Notes
Turn   | Place    | Note
-------+----------+-------------------------------------------
     0 | D:1      | Amnesiac the Deep Dwarf Earth Elementalist began the quest
                  | for the Orb.
     0 | D:1      | Reached XP level 1. HP: 15/15 MP: 3/3
    51 | D:2      | Reached XP level 2. HP: 22/22 MP: 0/5
    95 | D:2      | Learned a level 2 spell: Passwall
   213 | D:1      | Reached skill level 5 in Earth Magic
   219 | D:1      | Reached XP level 3. HP: 12/28 MP: 3/6
   618 | D:5      | Entered Level 5 of the Dungeon
   618 | D:5      | Noticed a scorpion
   656 | D:4      | Reached skill level 6 in Earth Magic
   656 | D:4      | Reached XP level 4. HP: 34/36 MP: 2/8
   662 | D:4      | Learned a level 4 spell: Petrify
   823 | D:4      | Found a sacrificial altar of Ru.
   840 | D:4      | Became a worshipper of Ru the Awakened
   855 | D:4      | Gained mutation: You are frail. (-10% HP) [potion of
                  | mutation]
   855 | D:4      | Gained mutation: Your spells are a little harder to cast,
                  | but a little more powerful. [potion of mutation]
   855 | D:4      | Gained mutation: You expend magic power (3 MP) to
                  | strengthen your wands. [potion of mutation]
  2318 | D:3      | Reached XP level 5. HP: 18/37 MP: 9/9
  2445 | D:3      | Gained mutation: You are somewhat inexperienced. (-2 XL)
                  | [Ru sacrifice]
  2445 | D:3      | Reached XP level 4. HP: 17/32 MP: 8/8
  2445 | D:3      | Reached XP level 3. HP: 17/25 MP: 7/7
  2445 | D:3      | Reached * piety under Ru
  2445 | D:3      | Reached ** piety under Ru
  2619 | D:3      | Reached skill level 1 in Short Blades
  2659 | D:4      | Got a jewelled leather armour
  2718 | D:4      | HP: 1/25 [something/puff of flame (6)]
  2722 | D:4      | Reached XP level 4. HP: 2/32 MP: 4/8
  2737 | D:4      | Identified the cursed +1 leather armour "Jopel" {Regen+
                  | Str+4} (You found it on level 4 of the Dungeon)
  2914 | D:4      | Reached skill level 7 in Earth Magic
  3081 | D:4      | Reached XP level 5. HP: 29/37 MP: 9/9
  3225 | D:5      | Noticed a phantom
  3231 | D:5      | Killed a phantom
  3350 | D:5      | Reached XP level 6. HP: 37/44 MP: 11/11
  3406 | D:5      | Reached skill level 8 in Earth Magic
  3435 | D:5      | Noticed drasked's ghost (novice HOMo)
  3437 | D:5      | Found a runed door.
  3640 | D:5      | Reached XP level 7. HP: 13/49 MP: 8/12
  3823 | D:5      | Found Liedo's Book Emporium.
  3904 | D:5      | Found a deep blue altar of Sif Muna.
  3959 | D:6      | Reached skill level 9 in Earth Magic
  3988 | D:6      | Learned a level 5 spell: Lee's Rapid Deconstruction
  4260 | D:6      | Reached skill level 10 in Earth Magic
  4261 | D:6      | Killed from afar by a wight

Vault maps used:
D:1:      dpeg_arrival_radiant, minmay_misc_feat_five
D:2:      first_ration, serial_bayou_pond_b
D:4:      corexii_shack_village, old_standard_altar
D:5:      kennysheep_mini_moat, serial_shops, shop_fountains,
          hellmonk_ghost_happy_afterlife
D:6:      minmay_temple_entry_large_hall, uniq_sigmund

Skill      XL: |  1  2  3  4  5  6  7 |
---------------+----------------------+-----
Spellcasting   | 2 3 4 |  4.5
Earth Magic    | 5 6 7 8 10 | 10.0
Short Blades   | 1 2 |  2.6
Dodging        | |  2.1
Stealth        | |  2.6
Transmutations | |  0.8

Action                   |  1- 3 |  4- 6 |  7- 9 || total
-------------------------+-------+-------+-------++-------
Melee: Unarmed           |    11 |       |       ||    11
       Dagger            |   123 |   256 |    27 ||   406
 Cast: Sandblast         |    42 |    17 |     4 ||    63
       Petrify           |       |     8 |     7 ||    15
       Passwall          |       |     1 |     5 ||     6
       Lee's Rapid Decon |       |       |     1 ||     1
Invok: Sacrifice Experie |     1 |       |       ||     1
 Abil: Heal Wounds       |     1 |     1 |       ||     2
  Use: Scroll            |     5 |     8 |       ||    13
       Potion            |     3 |    10 |     1 ||    14
 Stab: Sleeping          |     1 |    11 |     5 ||    17
       Petrified         |       |     8 |    10 ||    18
  Eat: Chunk             |     1 |    10 |       ||    11
       Ration            |       |       |     1 ||     1
Armor: Robe              |    48 |    55 |       ||   103
       Leather armour    |       |    18 |     2 ||    20
Dodge: Dodged            |    84 |   183 |    10 ||   277

Table legend:
 A = Non-vault XP
 B = Vault XP
 C = Vault XP percentage of total XP
 D = Non-vault monster count
 E = Vault monster count
 F = Vault count percentage of total count
                 A         B        C        D         E       F
            +---------+---------+-------+---------+---------+-------
      Total |    1457 |      21 |   1.4 |     111 |      10 |   8.3
            +---------+---------+-------+---------+---------+-------
        D:1 |      57 |       0 |   0.0 |      27 |       0 |   0.0
        D:2 |      43 |       5 |  10.4 |      18 |       3 |  14.3
        D:3 |      73 |       0 |   0.0 |      20 |       0 |   0.0
        D:4 |     170 |      16 |   8.6 |      15 |       7 |  31.8
        D:5 |     564 |       0 |   0.0 |      19 |       0 |   0.0
        D:6 |     550 |       0 |   0.0 |      12 |       0 |   0.0
            +---------+---------+-------+---------+---------+-------
